 Dungeon Crawl Stone Soup version 0.30-a0-634-g8abc85282e (webtiles) character file.

Game seed: 6365786608548811638

1208 kae the Changer (level 8, -2/70 HPs)
             Began as a Grey Draconian Transmuter on Jan 14, 2023.
             Slain by a gnoll sergeant
             ... wielding a +1 spear of venom
              (7 damage)
             ... on level 6 of the Dungeon.
             The game lasted 00:06:28 (6395 turns).

kae the Changer (Grey Draconian Transmuter)         Turns: 6395, Time: 00:06:28

Health: -2/70      AC:  8    Str: 12    XL:     8   Next: 21%
Magic:  11/14      EV: 10    Int: 22    God:
Gold:   318        SH:  0    Dex: 12    Spells: 5/15 levels left

rFire   x . .      SeeInvis +      - Unarmed
rCold   + + +      Faith    +    (shield currently unavailable)
rNeg    . . .      Spirit   .    (body armour unavailable)
rPois   +          Reflect  .    (helmet currently unavailable)
rElec   .          Harm     .    (cloak currently unavailable)
rCorr   .          Rampage  .    (gloves currently unavailable)
Will    .....                    (boots currently unavailable)
Stlth   +                        T - amulet of faith {!P}
HPRegen 0.31/turn                v - ring of see invisible
MPRegen 0.14/turn                I - +6 ring of intelligence

@: lethally poisoned (-2 -> -19), ice-form, wereblooded
A: freezing attack, boosted hp, AC +11, amphibious, large, unfitting armour,
(cold-blooded)
a: End Transformation


You were on level 6 of the Dungeon.
You were a creature of crystalline ice.
You visited 1 branch of the dungeon, and saw 6 of its levels.
You also visited: Sewer.

You collected 318 gold pieces.


Innate Abilities, Weirdness & Mutations

You are a creature of crystalline ice.
You have a powerful freezing melee attack.
Your maximum health is increased.
Your armour is entirely melded.
You are incapable of wielding weapons or throwing items.
((Your dull iron-grey scales are very hard. (AC +11)))
You are amphibious.
You cannot fit into any form of body armour.
((You are cold-blooded and may be slowed by cold attacks.))


   Skills:
 + Level 1.4 Fighting
 + Level 2.0 Dodging
 * Level 5.2 Unarmed Combat
 + Level 4.2 Spellcasting
 * Level 6.2 Transmutations
 + Level 4.2 Ice Magic
 - Level 1.0 Poison Magic


You had 5 spell levels left.
You knew the following spells:

 Your Spells              Type           Power      Damage    Failure   Level
a - Beastly Appendage     Tmut           64%        N/A       1%          1
b - Wereblood             Tmut           32%        N/A       1%          2
c - Spider Form           Tmut/Pois      20%        N/A       8%          3
d - Ice Form              Ice/Tmut       27%        N/A       12%         4

Your spell library contained the following spells:

 Spells                   Type           Power      Damage    Failure   Level
 Magic Dart               Conj           16%        1d3       11%         1
 Call Imp                 Summ           4%         N/A       17%         2
 Sublimation of Blood     Necr           4%         N/A       17%         2
 Mephitic Cloud           Conj/Pois/Air  6%         N/A       28%         3
 Summon Hydra             Summ           2%         N/A       100%        7

Inventory:

Missiles
 d - 6 boomerangs
 g - 62 stones
 n - 2 poisoned darts
 o - 6 curare-tipped darts {=f}
Jewellery
 v - a ring of see invisible (left front paw)
   (You found it on level 2 of the Dungeon)
 D - a +6 ring of dexterity
   (You found it on level 5 of the Dungeon)
 E - a +5 ring of evasion
   (You found it on level 5 of the Dungeon)
 I - a +6 ring of intelligence (right front paw)
   (You found it on level 3 of the Dungeon)
 T - an amulet of faith (around neck) {!P}
   (You took it off an orc on level 4 of the Dungeon)
Wands
 f - a wand of iceblast (11)
   (You found it on level 3 of the Dungeon)
 t - a wand of mindburst (13)
   (You found it on level 6 of the Dungeon)
 u - a wand of flame (8)
   (You found it on level 6 of the Dungeon)
Scrolls
 m - a scroll of vulnerability {!r!r}
 q - 2 scrolls of blinking {!r}
 s - 2 scrolls of identify {@r1}
 w - a scroll of poison {!r}
Potions
 a - 2 potions of lignification {!q}
 b - 2 potions of brilliance
 c - 2 potions of mutation {!q}
 e - 3 potions of invisibility {unknown}
 h - a potion of heal wounds {@q2}
 i - 4 potions of might {unknown}
 j - 2 potions of berserk rage {unknown}
 k - a potion of haste {unknown}
 l - a potion of resistance
 p - a potion of magic {unknown}
 r - a potion of cancellation {unknown}

Dungeon Overview and Level Annotations

Branches:
Dungeon (6/15) Zot: 25845   Sewer (visited)
 Temple: D:4-7

Altars:
Elyvilon
Kikubaaqudgha
Nemelex Xobeh
Qazlal
Sif Muna
Trog
Zin

Shops:
D:1 ?   D:3 ( D:5

[ ........#....##.# #.
.............##.# #.
..........#####.# #.
........#...# #.# #.
........#.#.###.####
#########.#......###
#####.#####.....
#.########........##.####
......)gY...<.....##.#
#......g#.........##[#
........#.........##.#
#.......#...########.#
#.......##### #.#
#.?.....# #.# #########
#.# #.# ###### #.####


You could see a gnoll sergeant and a gnoll.


Message History

An ufetubus is nearby!
The ufetubus hits you.
The ufetubus hits you but does no damage.
You barely miss the ufetubus.
The ufetubus barely misses you. x2 😕 HP[-1]
You take 1 damage, and now have 69/70 hp.
An ufetubus is nearby!
You punch the ufetubus! You freeze the ufetubus.
You kill the ufetubus!
Your Dodging skill increases to level 2!
No target in view!
There is an escape hatch in the ceiling here.
A gnoll comes into view. It is wielding a +0 club.
A gnoll sergeant comes into view. It is wielding a +1 spear of venom.
The gnoll sergeant shouts!
The gnoll shouts!
A gnoll comes into view. It is wielding a +0 whip.
An orc comes into view. It is wielding a +0 falchion.
The gnoll shouts!
A gnoll comes into view.
It is wielding a +0 spear. 😎 HP[+1] MP[+1]
Your hp is fully restored (70).
There are monsters nearby!
The gnoll hits you but does no damage.
The gnoll shouts!
You punch the gnoll! You freeze the gnoll.
You kill the gnoll!
The gnoll sergeant hits you from afar with a +1 spear of venom!
There are monsters nearby!
Unknown command.
There are monsters nearby! 😕 HP[-7] MP[+1]
You take 7 damage, and now have 63/70 hp.
The orc closely misses you. 😕 HP[+1]
Casting: Ice Form (dangerous; 13% risk of failure)
Confirm with . or Enter, or press ? or * to list all spells.
Your blood is infused with primal strength.
The orc closely misses you. The gnoll sergeant barely misses you.
The orc barely misses you.
The gnoll sergeant hits you from afar with a +1 spear of venom. 😕 HP[-4] MP[-2]
You take 4 damage, and now have 60/70 hp.
You lost 2 mp, and now have 10/14 mp.
You hit the orc. You freeze the orc. You punch the orc! You freeze the orc.
You feel a bit better.
You kill the orc!
The gnoll sergeant hits you from afar with a +1 spear of venom! 😕 HP[-5]
You take 5 damage, and now have 55/70 hp.
You completely miss the gnoll.
You howl as the wereblood boils in your veins!
The gnoll sergeant misses you. The gnoll hits you but does no damage.
You punch the gnoll! You freeze the gnoll.
The gnoll sergeant hits you from afar with a +1 spear of venom!
You are poisoned.
The gnoll closely misses you. 😮 HP[-7] MP[+1]
You take 7 damage, and now have 48/70 hp.
You punch the gnoll! You freeze the gnoll.
You feel a bit better.
You kill the gnoll!
You feel very sick.
The gnoll sergeant hits you from afar with a +1 spear of venom. 😮 HP[-5]
You take 5 damage, and now have 43/70 hp.
You feel sick. The gnoll sergeant barely misses you.
The gnoll barely misses you.
Things that are here:
a +0 whip; a +0 falchion; 😮 HP[-2]
You take 2 damage, and now have 41/70 hp.
Unknown command.
You hit the gnoll sergeant but do no damage.
You feel sick.
The gnoll sergeant hits you with a +1 spear of venom!
* * * LOW HITPOINT WARNING * * *
You are more poisoned.
The gnoll barely misses you. 😨 HP[-9]
You take 9 damage, and now have 32/70 hp.
You hit the gnoll sergeant. You freeze the gnoll sergeant.
You feel very sick.
The gnoll sergeant hits you with a +1 spear of venom!
* * * LOW HITPOINT WARNING * * *
The gnoll closely misses you. 😨 HP[-11]
You take 11 damage, and now have 21/70 hp.
You hit the gnoll sergeant. You freeze the gnoll sergeant.
* * * LOW HITPOINT WARNING * * *
You feel very sick.
The gnoll sergeant hits you with a +1 spear of venom.
* * * LOW HITPOINT WARNING * * *
You are more poisoned.
The gnoll hits you with a +0 spear.
* * * LOW HITPOINT WARNING * * *
😱 HP[-11]
You take 11 damage, and now have 10/70 hp.
You punch the gnoll sergeant! You freeze the gnoll sergeant.
* * * LOW HITPOINT WARNING * * *
You feel very sick.
The gnoll sergeant hits you with a +1 spear of venom!
You die...

Skill      XL: |  1  2  3  4  5  6  7  8 |
---------------+-------------------------+-----
Transmutations | 3 4 5 6 |  6.2
Poison Magic   | 1 |  1.0
Spellcasting   | 3 4 |  4.2
Unarmed Combat | 4 5 |  5.2
Ice Magic      | 1 2 4 |  4.2
Dodging        | 2 |  2.0
Fighting       | |  1.4

Action                   |  1- 3 |  4- 6 |  7- 9 || total
-------------------------+-------+-------+-------++-------
Melee: Unarmed           |    98 |   219 |   109 ||   426
       Kick              |    23 |    28 |     2 ||    53
       Headbutt          |     8 |    24 |     2 ||    34
       Tailslap          |     7 |    18 |     2 ||    27
       Punch             |     3 |       |       ||     3
 Cast: Beastly Appendage |    21 |    27 |     3 ||    51
       Spider Form       |       |     6 |     3 ||     9
       Wereblood         |       |     5 |     2 ||     7
       Ice Form          |       |     1 |    12 ||    13
  Use: Scroll            |     8 |     5 |     4 ||    17
 Stab: Sleeping          |       |     1 |       ||     1
Armor: Skin              |    31 |    56 |    32 ||   119
Dodge: Dodged            |    56 |   187 |    63 ||   306

Levels and vault maps discovered:
D:1:      saegor_arrival_simple_a, layout_rooms, serial_shops, shop,
          minmay_misc_feat_square
D:2:      layout_basic, minmay_heptomino_l4
D:3:      layout_rooms, serial_shops, nicolae_lakefront_shop
D:4:      wad_lake_hut, layout_loops_ring, nemelex_spade_bored_becter,
          mainiacjoe_overflow_surrounded_room, nicolae_overflow_crystal_walls,
          uniq_robin
D:5:      layout_loops_ring, mainiacjoe_overflow_small_starburst,
          nicolae_overflow_hidden_temple, lightli_sewer_entry_pipes,
          serial_shops, shop, st_stairs_5, roderic_roman_lattice, hex_medium,
          minivault_1, uniq_menkaure
D:6:      layout_basic, hangedman_feature_mirror, dreamdust_princess_corridor

Notes
Turn   | Place    | Note
-------+----------+-------------------------------------------
     0 | D:1      | kae the Draconian Transmuter began the quest for the Orb.
     0 | D:1      | Reached XP level 1. HP: 16/16 MP: 3/3
     0 | D:1      | magus.rc [v1.11.3]
    92 | D:1      | Reached XP level 2. HP: 23/23 MP: 3/5
   116 | D:1      | Found Rahoer's Magic Scroll Emporium.
   144 | D:1      | Learned a level 2 spell: Wereblood
   728 | D:2      | Reached XP level 3. HP: 15/28 MP: 6/6
   804 | D:2      | Reached skill level 3 in Transmutations
   956 | D:2      | Learned a level 3 spell: Spider Form
  1218 | D:2      | HP: 7/28 [poisoned by an adder]
  1219 | D:2      | Reached XP level 4. HP: 9/35 MP: 5/7
  1960 | D:3      | Reached skill level 1 in Poison Magic
  2185 | D:3      | HP: 7/35 [orc/+0 flail (10)]
  2405 | D:3      | Reached XP level 5. HP: 35/40 MP: 2/9
  2414 | D:3      | Reached skill level 4 in Transmutations
  2424 | D:3      | Reached skill level 3 in Spellcasting
  2624 | D:3      | Learned a level 4 spell: Ice Form
  2640 | D:3      | Reached skill level 4 in Unarmed Combat
  2813 | D:3      | Found Qiafasefumo's Antique Weapon Emporium.
  2899 | D:4      | Reached skill level 1 in Ice Magic
  2953 | D:4      | Found a shimmering blue altar of Sif Muna.
  2974 | D:4      | Reached XP level 6. HP: 47/47 MP: 8/10
  3012 | D:4      | You pick up a book of Blood and begin reading...
  3012 | D:4      | You add the spells Sublimation of Blood and Summon Hydra to
                  | your library.
  3075 | D:4      | Found a sparkling altar of Nemelex Xobeh.
  3158 | D:4      | Found a bloodstained altar of Trog.
  3223 | D:4      | Noticed Robin
  3244 | D:4      | Killed Robin
  3909 | D:5      | Entered Level 5 of the Dungeon
  4031 | D:5      | Reached skill level 2 in Ice Magic
  4047 | D:5      | Reached skill level 5 in Transmutations
  4051 | D:5      | Your scales start taking on a dull iron-grey colour.
  4051 | D:5      | Reached XP level 7. HP: 29/52 MP: 4/12
  4192 | D:5      | Found an ancient bone altar of Kikubaaqudgha.
  4259 | D:5      | Found a glowing drain.
  4267 | Sewer    | Entered a sewer
  4277 | Sewer    | Reached skill level 3 in Ice Magic
  4499 | D:5      | Noticed Menkaure
  4506 | D:5      | Killed Menkaure
  4669 | D:5      | Found a glowing silver altar of Zin.
  4787 | D:5      | Found Buqimuok's Armour Boutique.
  5267 | D:6      | You pick up a book of Minor Magic and begin reading...
  5267 | D:6      | You add the spells Magic Dart, Call Imp and Mephitic Cloud
                  | to your library.
  5605 | D:6      | Reached skill level 4 in Spellcasting
  5686 | D:6      | Reached skill level 6 in Transmutations
  5686 | D:6      | Reached skill level 4 in Ice Magic
  5788 | D:6      | Reached skill level 5 in Unarmed Combat
  5788 | D:6      | Reached XP level 8. HP: 59/59 MP: 9/14
  5937 | D:6      | HP: 14/70 [steam dragon/ball of steam (24)]
  5939 | D:6      | HP: 5/70 [something (9)]
  6102 | D:6      | Found a white marble altar of Elyvilon.
  6203 | D:6      | Found a stormy altar of Qazlal.
  6372 | D:6      | Reached skill level 2 in Dodging
  6394 | D:6      | HP: 17/70 [poisoned by a gnoll sergeant]
  6395 | D:6      | HP: 5/70 [poisoned by a gnoll sergeant]
  6395 | D:6      | Slain by a gnoll sergeant

Vanquished Creatures
  A steam dragon (D:6)
  Menkaure (D:5)
  A necrophage (D:5)
  2 scorpions (D:5)
  A bullfrog (D:6)
  2 hounds
  3 jellies (D:6)
  An orc priest (D:3)
  An iguana (D:5)
  A hell rat (Sewer)
  2 orc wizards
  Robin (D:4)
  6 gnolls
  15 adders
  7 river rats
  A white imp (D:6)
  An ufetubus (D:6)
  4 worms
  3 dart slugs
  20 orcs
  5 bats
  5 endoplasms
  2 giant cockroaches
  11 goblins
  9 hobgoblins
  3 jackals (D:4)
  5 kobolds
  4 quokkas
  5 ball pythons
  4 frilled lizards
  15 rats
142 creatures vanquished.

Vanquished Creatures (others)
  14 plants (D:4)
14 creatures vanquished.

Grand Total: 156 creatures vanquished

Table legend:
 A = Non-vault XP
 B = Vault XP
 C = Vault XP percentage of total XP
 D = Non-vault monster count
 E = Vault monster count
 F = Vault count percentage of total count
                 A         B        C        D         E       F
            +---------+---------+-------+---------+---------+-------
      Total |    1123 |     603 |  34.9 |     109 |      33 |  23.2
            +---------+---------+-------+---------+---------+-------
        D:1 |      37 |       0 |   0.0 |      19 |       0 |   0.0
        D:2 |      78 |       2 |   2.5 |      16 |       2 |  11.1
        D:3 |     173 |       0 |   0.0 |      26 |       0 |   0.0
        D:4 |     131 |      26 |  16.6 |      20 |       6 |  23.1
        D:5 |     341 |     304 |  47.1 |      12 |      13 |  52.0
        D:6 |     363 |     203 |  35.9 |      16 |       2 |  11.1
      Sewer |       0 |      68 | 100.0 |       0 |      10 | 100.0
            +---------+---------+-------+---------+---------+-------

Illustrated notes

Table legend:
 A = Kills in this place as a percentage of kills in entire the game.
 B = Kills by you in this place as a percentage of kills by you in the entire game.
 C = Kills by friends in this place as a percentage of kills by friends in the entire game.
 D = Other kills in this place as a percentage of other kills in the entire game.
 E = Experience gained in this place as a percentage of experience gained in the entire game.
 F = Experience gained in this place divided by the number of levels of this place that you have seen.
                   A       B       C       D       E      F
               +-------+-------+-------+-------+-------+----------------------
         Total | 100.0 | 100.0 |   N/A |   N/A | 100.0 | 246.6
       Dungeon |  93.0 |  93.0 |   N/A |   N/A |  96.1 | 276.3
         Sewer |   7.0 |   7.0 |   N/A |   N/A |   3.9 |  68.0
               +-------+-------+-------+-------+-------+----------------------

Table legend: (Time is in decaauts)
 A = Elapsed time spent in this place.
 B = Non-inter-level travel time spent in this place.
 C = Inter-level travel time spent in this place.
 D = Time resting spent in this place.
 E = Time spent auto-exploring this place.
 F = Levels seen in this place.
 G = Mean time per level.
                   A        B        C        D        E       F      G
               +--------+--------+--------+--------+--------+-----+--------+
         Total |   6399 |   6208 |    191 |    157 |   4967 |   7 |  914.1 |
       Dungeon |   6243 |   6052 |    191 |    157 |   4871 |   6 | 1040.5 |
         Sewer |    155 |    155 |      0 |      0 |     96 |   1 |  155.0 |
               +--------+--------+--------+--------+--------+-----+--------+

Top non-repeatable levels by time:
     D:2: 1385 daAuts
     D:5: 1163 daAuts
     D:6: 1153 daAuts
     D:4: 1065 daAuts
     D:3: 922 daAuts
     D:1: 553 daAuts
   Sewer: 155 daAuts
